 Dungeon Crawl Stone Soup version 0.30-a0-696-g2367cd04db (webtiles) character file.

Game seed: 17756656432246677974

2265 mandarbmax the Arsonist (level 9, -3/35 HPs)
             Began as a Felid Fire Elementalist on Jan 20, 2023.
             Was a Believer of Kikubaaqudgha.
             Killed themself with a badly aimed burst of rock shards (17 damage)
             ... on level 11 of the Dungeon on Jan 21, 2023.
             The game lasted 00:46:25 (15968 turns).

mandarbmax the Arsonist (Felid Fire Elementalist)  Turns: 15968, Time: 00:46:26

Health: -3/35      AC:  8    Str:  4    XL:     9   Next: 16%
Magic:  3/13       EV: 18    Int: 20    God:    Kikubaaqudgha [**....]
Gold:   543        SH:  0    Dex: 18    Spells: 2/12 levels left
                                        Lives:  0   Deaths: 3

rFire   . . .      SeeInvis +    (weapon unavailable)
rCold   . . .      Faith    .    (shield unavailable)
rNeg    . . .      Spirit   .    (body armour unavailable)
rPois   .          Reflect  .    (helmet unavailable)
rElec   .          Harm     .    (cloak unavailable)
rCorr   .          Rampage  .    (gloves unavailable)
Will    +....                    (boots unavailable)
Stlth   ++                       (no amulet)
HPRegen 0.25/turn                j - +4 ring of protection
MPRegen 0.13/turn                (no ring)

@: quick
A: very small, claws 1, fangs 3, see invisible, speed 1, shaggy fur 2, stealthy
paws, no weapons or thrown items, no armour, multi-lived, iridescent scales 1,
MP-powered wands
a: Renounce Religion, Unearth Wretches


You were on level 11 of the Dungeon.
You worshipped Kikubaaqudgha.
Kikubaaqudgha was pleased with you.
You visited 1 branch of the dungeon, and saw 11 of its levels.

You collected 627 gold pieces.
You spent 84 gold pieces at shops.

Inventory:

Jewellery
 d - an amulet of faith
 j - a +4 ring of protection (left paw)
 t - a ring of fire
 w - a ring of wizardry
Wands
 n - a wand of iceblast (2)
 p - a wand of charming (13)
Scrolls
 c - a scroll of fear
 e - 2 scrolls of poison
 l - 3 scrolls of silence
 s - 2 scrolls of amnesia
 v - a scroll of blinking
Potions
 a - 3 potions of heal wounds
 b - 3 potions of mutation
 g - 2 potions of curing
 h - a potion of cancellation
 k - 2 potions of invisibility
 m - 2 potions of berserk rage
 u - a potion of might
 x - a potion of flight
Miscellaneous
 f - a tin of tremorstones (1/2)


   Skills:
 + Level 1.4 Fighting
 + Level 3.6 Dodging
 - Level 2.6 Stealth
 - Level 2.0 Spellcasting
 - Level 9.0 Conjurations
 - Level 12.1 Fire Magic
 + Level 3.7 Evocations


You had 2 spell levels left.
You knew the following spells:

 Your Spells              Type           Power      Damage    Failure   Level
a - Foxfire               Conj/Fire      100%       2x1d9     1%          1
b - Scorch                Fire           100%       2d10      1%          2
c - Kindle Blastsparks    Fire/Tloc/Air  36%        2d13      9%          3
d - Flame Wave            Conj/Fire      44%        2d11      1%          4

Your spell library contained the following spells:

 Spells                   Type           Power      Damage    Failure   Level
 Necrotise                Necr           8%         1d4       16%         1
 Cigotuvi's Dreadful Rot  Necr/Pois/Air  4%         N/A       24%         2
 Sublimation of Blood     Necr           2%         N/A       24%         2
 Inner Flame              Hex/Fire       26%        N/A       4%          3
 Vampiric Draining        Necr           2%         2d6       43%         3
 Vhi's Electric Charge    Tloc/Air       4%         N/A       43%         3
 Arcjolt                  Conj/Air       10%        1d20      56%         5
 Summon Forest            Summ/Tloc      1%         N/A       99%         5
 Summon Mana Viper        Hex/Summ       2%         N/A       99%         5
 Summon Cactus Giant      Summ           1%         N/A       100%        6
 Maxwell's Capacitive Co  Air            1%         ∞         100%        8


Dungeon Overview and Level Annotations

Branches:
Dungeon (11/15)            Temple (0/1) D:5            Lair (0/5) D:11
    Orc (0/2) D:10

Altars:
Elyvilon
Kikubaaqudgha
Nemelex Xobeh
Uskayaw
Wu Jian
Yredelemnul
Zin
The Shining One

Shops:
D:10 *

Annotations:
D:8 Amaemon
D:10 Psyche, Snorg
D:11 Fannar


Innate Abilities, Weirdness & Mutations

You have sharp claws.
You have razor-sharp teeth.
You have supernaturally acute eyesight. (SInv)
You cover ground quickly. (Speed+)
You are covered in thick fur. (AC +2)
Your paws help you pounce on unaware monsters.
You are incapable of wielding weapons or throwing items.
You cannot wear armour.
You gain extra lives every three experience levels.
You are partially covered in iridescent scales. (AC +2)
You expend magic power (3 MP) to strengthen your wands.


Message History

Kikubaaqudgha accepts your kill.
The troll leather armour is intact enough to wear.
The foxfire hits Fannar.
Fannar is lightly wounded.
The foxfire hits Fannar but does no damage.
Fannar is lightly wounded.
Training target 9.0 for Conjurations reached!
Your Conjurations skill increases to level 9!
Casting: Scorch (safe; 1% risk of failure)
Confirm with . or Enter, or press ? or * to list all spells.
Flames lash Fannar.
Fannar is burned terribly!
Fannar is lightly wounded.
Fannar's fire resistance burns away.
You conjure some foxfire!
Your foxfire dissipates!
The foxfire hits Fannar.
Fannar is lightly wounded.
You conjure some foxfire!
The foxfire hits Fannar.
Fannar is burned terribly!
Fannar is lightly wounded.
Fannar is no longer more vulnerable to fire.
The foxfire hits Fannar.
Fannar is burned terribly!
Fannar is moderately wounded.
Fannar gestures wildly while chanting.
Fannar drains the heat from the surrounding environment!
Okay, then.
The tremorstone explodes into fragments!
The burst of rock shards engulfs Fannar!
The burst of rock shards engulfs Fannar!!
You hear a shout! x6
Unknown command.
As you read the scroll of fear, it crumbles to dust.
You assume a fearsome visage.
Fannar easily resists.
Fannar casts a spell at you. The bolt of cold misses you.
Okay, then.
The tremorstone explodes into fragments!
The burst of rock shards engulfs Fannar!
The burst of rock shards engulfs you!
You die...
Kikubaaqudgha rasps: "You have failed me!
Welcome... death!"

#. ..# ###.. ..#
..... ..#
.....###..#
^.........#
#........#
#........#
#.....@..#
#........#
#........#
#.....e..### #.
#.........># #..
#.........#### #..
#.............
#..####.....[.......
#..............#####


You could see Fannar.

Vanquished Creatures
  2 two-headed ogres (D:9)
  An orange demon (D:8)
  An unseen horror (D:10)
  A troll (D:11)
  A hornet (D:8)
  A wyvern (D:9)
  2 shadows
  A wraith (D:9)
  2 vampire mosquitoes (D:9)
  4 wargs (D:10)
  2 acid dragons
  2 water moccasins
  2 ice beasts (D:6)
  3 orc warriors (D:10)
  A sky beast (D:7)
  A black bear (D:4)
  2 centaurs
  3 ogres
  A kobold brigand (D:8)
  2 bullfrogs
  A gnoll sergeant (D:5)
  2 necrophages
  3 scorpions
  7 killer bees
  2 howler monkeys
  2 vampire bats (D:6)
  5 hounds
  2 gnoll boudas
  2 jellies
  5 orc priests
  2 iguanas
  Ijyb (D:3)
  7 orc wizards
  Robin (D:3)
  11 adders
  13 gnolls
  A white imp (D:4)
  3 dart slugs
  46 orcs
  4 ball pythons
  2 bat skeletons (D:6)
  4 bat zombies (D:6)
  7 endoplasms
  2 giant cockroaches (D:1)
  16 goblins
  11 hobgoblins
  3 quokkas
  4 bats
  4 frilled lizards
  19 kobolds
  5 rats
232 creatures vanquished.

Vanquished Creatures (others)
  902 foxfires
902 creatures vanquished.

Grand Total: 1134 creatures vanquished

Notes
Turn   | Place    | Note
-------+----------+-------------------------------------------
     0 | D:1      | mandarbmax the Felid Fire Elementalist began the quest for
                  | the Orb.
     0 | D:1      | Reached XP level 1. HP: 7/7 MP: 4/4
    19 | D:1      | Reached skill level 1 in Conjurations
   318 | D:1      | Reached skill level 3 in Fire Magic
   373 | D:1      | Reached XP level 2. HP: 11/11 MP: 3/6
   428 | D:1      | Found a faded altar of an unknown god.
   762 | D:1      | Learned a level 2 spell: Scorch
  1260 | D:2      | Reached XP level 3. HP: 14/14 MP: 3/7
  1348 | D:2      | Reached skill level 4 in Fire Magic
  1682 | D:2      | Reached XP level 4. HP: 18/18 MP: 1/8
  2082 | D:2      | Reached skill level 5 in Fire Magic
  2294 | D:3      | Noticed Robin
  2420 | D:3      | Killed Robin
  2421 | D:3      | Reached XP level 5. HP: 18/21 MP: 0/9
  2633 | D:3      | Noticed Ijyb
  2648 | D:3      | Gained mutation: You are partially covered in iridescent
                  | scales. (AC +2) [potion of mutation]
  2648 | D:3      | Gained mutation: You expend magic power (3 MP) to
                  | strengthen your wands. [potion of mutation]
  2678 | D:3      | Learned a level 3 spell: Kindle Blastsparks
  3153 | D:3      | Killed Ijyb
  4191 | D:4      | Reached skill level 6 in Fire Magic
  4430 | D:4      | Gained mutation: You are covered in thick fur. (AC +2)
                  | [Felid growth]
  4430 | D:4      | Reached XP level 6. HP: 24/24 MP: 5/10
  5223 | D:5      | Entered Level 5 of the Dungeon
  5223 | D:5      | You fall into a shaft and drop 3 floors!
  5566 | D:7      | Noticed an acid dragon
  5569 | D:7      | Noticed a sky beast
  5572 | D:7      | Killed an acid dragon
  5573 | D:7      | Reached skill level 7 in Fire Magic
  5573 | D:7      | Reached XP level 7. HP: 12/27 MP: 4/11
  5816 | D:6      | Reached skill level 8 in Fire Magic
  6473 | D:6      | Reached skill level 9 in Fire Magic
  6473 | D:6      | Reached XP level 8. HP: 18/31 MP: 0/12
  6482 | D:6      | Learned a level 4 spell: Flame Wave
  6846 | D:6      | Found an ancient bone altar of Kikubaaqudgha.
  7017 | D:6      | Killed from afar by an orc priest
  7018 | D:6      | Reached XP level 7. HP: -1/27 MP: 8/11
  7061 | D:6      | Became a worshipper of Kikubaaqudgha
  7323 | D:5      | Noticed a +0 short sword
  7323 | D:5      | Noticed a +0 dagger
  7323 | D:5      | Noticed a +0 short sword
  7323 | D:5      | Noticed a +0 spear
  7324 | D:5      | Noticed a +0 falchion
  7325 | D:5      | Noticed a +0 spear
  7325 | D:5      | Noticed a +0 falchion
  7325 | D:5      | Noticed a +0 dagger
  7327 | D:5      | Found a hide-covered altar of Uskayaw.
  7339 | D:5      | Found a staircase to the Ecumenical Temple.
  8043 | D:5      | Reached XP level 8. HP: 21/31 MP: 5/12
  8303 | D:5      | Reached skill level 10 in Fire Magic
  8549 | D:5      | Found a basalt altar of Yredelemnul.
  9064 | D:5      | Found a sparkling altar of Nemelex Xobeh.
 10145 | D:8      | Reached skill level 5 in Conjurations
 10146 | D:8      | Reached * piety under Kikubaaqudgha
 10146 | D:8      | Received a gift from Kikubaaqudgha
 10236 | D:8      | Noticed an orange demon
 10239 | D:8      | Noticed Amaemon
 10705 | D:8      | Killed an orange demon
 10706 | D:8      | Reached XP level 9. HP: 34/34 MP: 2/13
 11332 | D:9      | Reached skill level 11 in Fire Magic
 11556 | D:9      | Found a white marble altar of Elyvilon.
 11577 | D:9      | Found a glowing silver altar of Zin.
 11672 | D:9      | Noticed a two-headed ogre
 11694 | D:9      | Killed a two-headed ogre
 12342 | D:9      | Noticed an efreet
 12343 | D:9      | Noticed a two-headed ogre
 12532 | D:9      | Killed a two-headed ogre
 12533 | D:9      | Reached XP level 10. HP: 32/37 MP: 0/14
 12975 | D:10     | Entered Level 10 of the Dungeon
 12989 | D:10     | Found Jizol's Assorted Antiques.
 13205 | D:10     | Reached skill level 12 in Fire Magic
 13295 | D:10     | Found a staircase to the Orcish Mines.
 13298 | D:10     | Bought a scroll labelled KIOWNI VYUSOHI for 28 gold pieces
 13298 | D:10     | Bought a scroll of identify for 56 gold pieces
 13445 | D:10     | Noticed Snorg
 13482 | D:10     | HP: 1/37 [Snorg (11)]
 13483 | D:10     | Mangled by Snorg
 13484 | D:10     | Reached XP level 9. HP: -7/34 MP: 2/13
 13715 | D:10     | Reached skill level 1 in Evocations
 13723 | D:10     | Found a glowing golden altar of the Shining One.
 13950 | D:10     | Reached ** piety under Kikubaaqudgha
 14661 | D:10     | Noticed an unseen horror
 14673 | D:10     | Killed an unseen horror
 14920 | D:10     | Noticed Psyche
 15429 | D:10     | Found an ornate altar of the Wu Jian Council.
 15507 | D:10     | Killed from afar by Psyche
 15508 | D:10     | Reached XP level 8. HP: 0/31 MP: 8/12
 15738 | D:11     | Reached skill level 1 in Fighting
 15738 | D:11     | Reached XP level 9. HP: 35/35 MP: 3/13
 15945 | D:11     | Noticed a troll
 15947 | D:11     | Found a staircase to the Lair.
 15951 | D:11     | Noticed Fannar
 15955 | D:11     | Killed a troll
 15968 | D:11     | Killed themself with a badly aimed burst of rock shards

Illustrated notes

Levels and vault maps discovered:
D:1:      mrwooster_arrival_arrow, layout_rooms,
          chequers_ecumenical_altar_island
D:2:      layout_loops_cross, nicolae_half_adder
D:3:      layout_basic, roderic_filled_cross, uniq_robin, uniq_ijyb
D:4:      layout_loops_ring
D:5:      layout_loops_cross, nemelex_dance_club_becter, kennysheep_mini,
          nicolae_uskayaw_en_pointe, minmay_temple_entry_large_hall,
          st_stairs_13
D:6:      layout_loops_cross, kennysheep_vampire_church
D:7:      layout_layer_cave
D:8:      layout_basic, uniq_amaemon, uniq_erica
D:9:      layout_stronghold, grunt_temple_overflow_open,
          amcnicky_mini_corridor_feature, lightli_fourway_metalbox
D:10:     layout_roguey [special_room_orc], lemuel_coloured_pillars_altar,
          nicolae_overflow_hidden_temple, minmay_orc_entry_guard_dogs,
          serial_shops, shop, uniq_psyche, uniq_snorg
D:11:     layout_long_grid, lair_entry_dummy, uniq_lodul, uniq_fannar

Skill      XL: |  1  2  3  4  5  6  7  8  9 10 |
---------------+-------------------------------+-----
Conjurations   | 1 3 5 9 8 |  9.0
Fire Magic     | 3 4 5 6 7 9 10 11 12 | 12.1
Evocations     | 3 |  3.7
Dodging        | 3 |  3.6
Fighting       | 1 |  1.4
Stealth        | |  2.6
Spellcasting   | |  2.0

Action                   |  1- 3 |  4- 6 |  7- 9 | 10-12 || total
-------------------------+-------+-------+-------+-------++-------
Melee: Unarmed           |     4 |    51 |    41 |       ||    96
       Bite              |       |     6 |     5 |       ||    11
       Punch             |       |       |     1 |       ||     1
 Cast: Foxfire           |    89 |   124 |   324 |     9 ||   546
       Scorch            |       |    28 |    69 |    10 ||   107
       Kindle Blastspark |       |     7 |    45 |    11 ||    63
       Flame Wave        |       |       |     4 |       ||     4
Evoke: Tin of tremorston |       |       |     1 |       ||     1
       Wand              |       |       |       |     6 ||     6
  Use: Scroll            |       |     6 |    11 |     4 ||    21
       Potion            |       |     4 |     2 |     3 ||     9
 Stab: Sleeping          |     1 |       |     1 |       ||     2
Armor: Skin              |     3 |     7 |    26 |       ||    36
Dodge: Dodged            |     8 |    88 |   135 |    27 ||   258

Table legend: (Time is in decaauts)
 A = Elapsed time spent in this place.
 B = Non-inter-level travel time spent in this place.
 C = Inter-level travel time spent in this place.
 D = Time resting spent in this place.
 E = Time spent auto-exploring this place.
 F = Levels seen in this place.
 G = Mean time per level.
                   A        B        C        D        E       F      G
               +--------+--------+--------+--------+--------+-----+--------+
         Total |  14370 |  13843 |    527 |   1267 |  10022 |  11 | 1306.4 |
       Dungeon |  14370 |  13843 |    527 |   1267 |  10022 |  11 | 1306.4 |
               +--------+--------+--------+--------+--------+-----+--------+

Top non-repeatable levels by time:
    D:10: 2093 daAuts
     D:9: 1743 daAuts
     D:3: 1684 daAuts
     D:6: 1489 daAuts
     D:5: 1443 daAuts
     D:4: 1310 daAuts
     D:2: 1181 daAuts
     D:7: 1149 daAuts
     D:8: 1098 daAuts
     D:1: 846 daAuts
    D:11: 330 daAuts
